 Dungeon Crawl Stone Soup version 0.24.0-13-gcf9b319 (webtiles) character file.

Game seed: 7854595058403416826, levelgen mode: deterministic

10425 DiabolicBear the Fighter (level 11, -6/104 HPs)
             Began as a Minotaur Hunter on Mar 20, 2020.
             Was a Believer of Okawaru.
             Mangled by a black mamba (8 damage)
             ... on level 10 of the Dungeon.
             The game lasted 00:36:53 (17649 turns).

DiabolicBear the Fighter (Minotaur Hunter)         Turns: 17649, Time: 00:36:54

Health: -6/104     AC: 15    Str: 19    XL:     11   Next: 36%
Magic:  10/10      EV: 11    Int:  8    God:    Okawaru [**....]
Gold:   436        SH:  0    Dex: 12    Spells: 10/10 levels left

rFire    + + .     SeeInvis .   b - +0 flail (protect)
rCold    + . .     Gourm    .   (no shield)
rNeg     + + .     Faith    .   w - +2 scale mail {rF+}
rPois    +         Spirit   .   (helmet restricted)
rElec    +         Reflect  .   y - +0 cloak
rCorr    +         Harm     .   I - +2 pair of gloves of Catynowa {rN++}
MR       .....                  (no boots)
Stlth    ..........             (no amulet)
HPRegen  0.27/turn              (no ring)
MPRegen  0.12/turn              (no ring)

@: confused, lethally poisoned (-6 -> -26), resistant
A: retaliatory headbutt, horns 2
a: Heroism, Renounce Religion


You were on level 10 of the Dungeon.
You worshipped Okawaru.
Okawaru was pleased with you.
You were not hungry.

You visited 4 branches of the dungeon, and saw 14 of its levels.

You collected 788 gold pieces.
You spent 352 gold pieces at shops.

Inventory:

Hand Weapons
 a - a +1 hand crossbow
 b - a +0 flail of protection (weapon)
 A - a +0 short sword
Missiles
 d - 55 bolts
 x - a curare-tipped dart (quivered)
Armour
 v - a +1 plate armour
 w - a +2 scale mail of fire resistance (worn)
 y - a +0 cloak (worn)
 I - the +2 pair of gloves of Catynowa (worn) {rN++}
   (You bought it in a shop on level 8 of the Dungeon)

   It greatly protects you from negative energy.
 L - the +4 large shield "Zafynt" {rCorr Int+3}
   (You took it off an orc on level 8 of the Dungeon)

   It affects your intelligence (+3).
   It provides partial protection from all sources of acid and corrosion.
 M - the cursed +0 scale mail of the Wilderness {rF+ Dex+6}
   (You took it off an orc on level 8 of the Dungeon)

   It affects your dexterity (+6).
   It protects you from fire.
   It has a curse placed upon it.
Jewellery
 c - a cursed ring of attention {unknown}
 s - an uncursed ring of positive energy
 z - an uncursed ring of wizardry
 R - a cursed ring of fire {unknown}
Wands
 h - a wand of flame (19)
 t - a wand of paralysis (3)
 C - a wand of random effects (19)
 K - a wand of polymorph (12)
 O - a wand of clouds (3)
Scrolls
 e - 2 scrolls of enchant weapon
 g - a scroll of teleportation
 i - a scroll of magic mapping
 l - 5 scrolls of amnesia
 m - a scroll of fear
 p - a scroll of enchant armour
 q - 2 scrolls of remove curse
 r - 2 scrolls of fog
 u - a scroll of immolation {unknown}
 B - a scroll of noise
 H - a scroll of vulnerability {unknown}
Potions
 j - a potion of lignification {unknown}
 o - 3 potions of brilliance
 D - a potion of mutation
 F - 2 potions of resistance
 G - a potion of flight {unknown}
 J - a potion of haste
 N - a potion of might {unknown}
 P - a potion of berserk rage {unknown}
 Q - a potion of magic {unknown}
Comestibles
 f - 10 rations


   Skills:
 - Level 12.0 Fighting
 + Level 2.5 Maces & Flails
 - Level 11.6 Crossbows
 - Level 9.0 Armour
 - Level 3.0 Dodging
 - Level 0.7 Stealth
 - Level 9.0 Shields


You had 10 spell levels left.
You didn't know any spells.
Your spell library contained the following spells:

 Spells                   Type           Power        Failure   Level  Hunger
 Animate Skeleton         Necr           N/A          73%         1    ##.....
 Freeze                   Ice            #...         73%         1    ##.....
 Magic Dart               Conj           #...         73%         1    ##.....
 Pain                     Necr           #...         73%         1    ##.....
 Blink                    Tloc           N/A          86%         2    ###....
 Call Imp                 Summ           #.......     86%         2    ###....
 Slow                     Hex            #.......     86%         2    ###....
 Throw Frost              Conj/Ice       #.....       86%         2    ###....
 Conjure Flame            Conj/Fire      #.......     97%         3    ####...
 Mephitic Cloud           Conj/Pois/Air  #.......     97%         3    ####...
 Ozocubu's Armour         Chrm/Ice       #.......     97%         3    ####...
 Regeneration             Chrm/Necr      #.........   97%         3    ####...
 Vampiric Draining        Necr           #.........   97%         3    ####...
 Animate Dead             Necr           N/A          100%        4    #####..
 Summon Ice Beast         Ice/Summ       #.......     100%        4    #####..
 Throw Icicle             Conj/Ice       #.......     100%        4    #####..


Dungeon Overview and Level Annotations

Branches:
Dungeon (11/15)            Temple (1/1) D:7            Lair (1/6) D:10
    Orc (1/2) D:10

Altars:
Ashenzari
Cheibriados
Dithmenos
Elyvilon
Fedhas
Gozag
Hepliaklqana
Kikubaaqudgha
Makhleb
Nemelex Xobeh
Okawaru
Qazlal
Ru
Sif Muna
Trog
Uskayaw
Vehumet
Wu Jian
Xom
Yredelemnul
Zin
The Shining One
Lugonu

Shops:
D:8 [

Annotations:
D:10 1 runed translucent door, Bogyh's ghost, journeyman TrMo


Innate Abilities, Weirdness & Mutations

You reflexively headbutt those who attack you in melee.
You have a pair of horns on your head.


Message History

The black mamba bites you but does no damage.
You miss the black mamba. Your headbutt misses the black mamba.
The black mamba is severely wounded.
* * * LOW HITPOINT WARNING * * *
You feel very sick.
The black mamba bites you but does no damage.
The black mamba bites you.
* * * LOW HITPOINT WARNING * * *
Evoke which item? (* to show all) (? for menu, Esc to quit)
You're too confused!
You're too confused!
You barely miss the black mamba.
The black mamba is severely wounded.
* * * LOW HITPOINT WARNING * * *
You feel very sick. The black mamba bites you!
* * * LOW HITPOINT WARNING * * *
The black mamba bites you but does no damage.
The black mamba bites you!
You die...

###### ###....#
###################......#
#.............@S.........#
#......#########.........#
###......# #.........######
.........# #..######.......
#####....# #..#....#..>..##
##..#.Y..# #..#....#.....#)
°'..#....#########..#....#.....#.
##.##...............#....'.....#.
....#..###..........#....#.....#.


You could see a black mamba.

Vanquished Creatures
  A two-headed ogre (D:8)
  Pikel (D:6)
  A spiny frog (D:10)
  2 hippogriffs
  2 blink frogs (D:10)
  6 yaks
  A wyvern (D:10)
  A vampire (D:11)
  A human (D:10)
  A hungry ghost (D:10)
  Duvessa (D:6)
  A water moccasin (D:9)
  An acid dragon (D:10)
  12 orc warriors
  3 sky beasts
  2 ice beasts
  A slave (D:5)
  A black bear (D:10)
  6 ogres
  3 phantoms
  2 necrophages
  3 centaurs
  A big kobold (D:8)
  2 bullfrogs
  A gnoll sergeant (D:9)
  Dowan (D:6)
  6 scorpions
  5 killer bees (D:10)
  5 wights (D:10)
  4 howler monkeys
  An electric eel (D:7)
  A crimson imp (D:10)
  A bullfrog zombie (D:9)
  2 centaur zombies
  2 hounds (D:4)
  15 orc wizards
  7 centaur skeletons
  6 orc priests
  4 bullfrog skeletons
  3 jellies
  6 iguanas
  6 worker ants
  A killer bee zombie (D:9)
  A hound zombie (D:6)
  A howler monkey zombie (D:10)
  A howler monkey skeleton (D:4)
  10 gnolls
  11 adders
  10 river rats (D:5)
  2 shadow imps
  An ooze (D:3)
  An adder skeleton (D:8)
  3 worms
  A dart slug (D:2)
  6 leopard geckos
  50 orcs
  7 bats
  5 giant cockroaches
  6 goblins
  9 hobgoblins
  11 jackals
  6 quokkas (D:5)
  A ball python (D:7)
  5 frilled lizards
  7 kobolds
  A quokka zombie (D:9)
  18 rats
307 creatures vanquished.

Vanquished Creatures (others)
  Eustachio (D:6)
  A slave (D:6)
  A bullfrog skeleton (D:6)
3 creatures vanquished.

Grand Total: 310 creatures vanquished

Notes
Turn   | Place    | Note
-------+----------+-------------------------------------------
     0 | D:1      | DiabolicBear the Minotaur Hunter began the quest for the
                  | Orb.
     0 | D:1      | Reached XP level 1. HP: 18/18 MP: 0/0
   259 | D:1      | Reached XP level 2. HP: 24/25 MP: 1/1
   427 | D:1      | Reached skill level 3 in Fighting
   721 | D:2      | Reached XP level 3. HP: 31/31 MP: 2/2
   869 | D:2      | Reached skill level 5 in Crossbows
  1040 | D:2      | Reached XP level 4. HP: 40/40 MP: 3/3
  1050 | D:2      | Reached skill level 4 in Fighting
  1817 | D:3      | Reached XP level 5. HP: 36/47 MP: 4/4
  1894 | D:3      | Noticed a phantom
  1901 | D:3      | Killed a phantom
  1901 | D:3      | Reached skill level 5 in Fighting
  2010 | D:3      | Found a radiant altar of Vehumet.
  2010 | D:3      | Found a shattered altar of Ashenzari.
  2015 | D:3      | Found an ancient bone altar of Kikubaaqudgha.
  2017 | D:3      | Found a faded altar of an unknown god.
  2018 | D:3      | Found a glowing golden altar of the Shining One.
  2129 | D:3      | Found a glowing drain.
  2308 | D:3      | Found a shimmering blue altar of Sif Muna.
  2422 | D:3      | Found an opulent altar of Gozag.
  2450 | D:3      | Found a white marble altar of Elyvilon.
  2537 | D:4      | Reached XP level 6. HP: 56/56 MP: 5/5
  3390 | D:4      | Reached skill level 6 in Fighting
  3837 | D:4      | Reached XP level 7. HP: 64/64 MP: 6/6
  4135 | D:4      | Reached skill level 7 in Fighting
  4332 | D:5      | Entered Level 5 of the Dungeon
  4728 | D:5      | Found a burning altar of Makhleb.
  4728 | D:5      | Found a glowing silver altar of Zin.
  4730 | D:5      | Found a basalt altar of Yredelemnul.
  4731 | D:5      | Found a sparkling altar of Nemelex Xobeh.
  4732 | D:5      | Found a hide-covered altar of Uskayaw.
  4733 | D:5      | Found an ornate altar of the Wu Jian Council.
  4741 | D:5      | Reached skill level 8 in Fighting
  4741 | D:5      | Reached XP level 8. HP: 58/74 MP: 7/7
  5142 | D:5      | Got a pitted ring mail
  6084 | D:5      | Reached skill level 9 in Fighting
  6644 | D:6      | Noticed Duvessa
  6708 | D:6      | Killed Duvessa
  6729 | D:6      | Noticed Dowan
  6731 | D:6      | Killed Dowan
  6761 | D:6      | Noticed Pikel
  7356 | D:3      | Identified the +2 ring mail of the Carpenter {rC- Regen+
                  | MP+9} (You found it on level 5 of the Dungeon)
  7671 | D:6      | Reached skill level 10 in Fighting
  7961 | D:6      | Killed Pikel
  7961 | D:6      | Reached skill level 10 in Crossbows
  7961 | D:6      | Reached XP level 9. HP: 54/86 MP: 8/8
  8089 | D:6      | Killed Eustachio
  8625 | D:6      | Reached skill level 11 in Fighting
  9010 | D:7      | Found a staircase to the Ecumenical Temple.
  9016 | Temple   | Entered the Ecumenical Temple
  9088 | D:7      | Found a snail-covered altar of Cheibriados.
 10406 | D:8      | Found Gayviges's Armour Shop.
 10409 | D:8      | Bought the +2 pair of gloves of Catynowa {rN++} for 352
                  | gold pieces
 10635 | D:8      | Reached skill level 12 in Fighting
 10868 | D:8      | Identified the cursed +0 scale mail of the Wilderness {rF+
                  | Dex+6}
 10868 | D:8      | Identified the +4 large shield "Zafynt" {rCorr Int+3}
 11007 | D:9      | Noticed a two-headed ogre
 11047 | D:8      | Killed a two-headed ogre
 11047 | D:8      | Reached XP level 10. HP: 72/96 MP: 9/9
 12469 | D:9      | Reached skill level 5 in Armour
 12469 | D:9      | Reached skill level 5 in Shields
 12921 | D:9      | Found an iron altar of Okawaru.
 12927 | D:9      | Became a worshipper of Warmaster Okawaru
 13073 | D:9      | Found a glowing golden altar of the Shining One.
 13515 | D:10     | Entered Level 10 of the Dungeon
 13641 | D:10     | Found a staircase to the Orcish Mines.
 14123 | D:10     | Reached * piety under Okawaru
 14936 | D:10     | Found a staircase to the Lair.
 15051 | D:10     | Reached XP level 11. HP: 103/103 MP: 10/10
 15159 | D:10     | Noticed a +1 trident of chaos
 15160 | D:10     | Found a shimmering altar of Xom.
 15160 | D:10     | Noticed Bogyh's ghost (journeyman TrMo)
 15162 | D:10     | Found a runed translucent door.
 15465 | Orc:1    | Entered Level 1 of the Orcish Mines
 15568 | D:10     | Reached ** piety under Okawaru
 16731 | Lair:1   | Entered Level 1 of the Lair of Beasts
 17397 | D:9      | Reached skill level 1 in Maces & Flails
 17649 | D:10     | HP: 2/104 [black mamba (10)]
 17649 | D:10     | Mangled by a black mamba

Levels and vault maps discovered:
D:1:      ncdulo_halloftheorcs, layout_loops_ring
D:2:      layout_basic
D:3:      layout_loops_cross, lemuel_doored_altar, nicolae_gozag_seed_capital,
          chequers_temple_overflow_minitemple, lemuel_blue_sif_altar,
          serial_glass, glass_columns_b, glass_columns_a,
          cheibrodos_sewer_entry_bend
D:4:      layout_loops_cross
D:5:      lemuel_ratsnest, layout_gridville, minitemple, first_ration
D:6:      layout_loops_ring, uniq_pikel, uniq_duvessa, uniq_eustachio
D:7:      layout_cave_pools, nicolae_overflow_crystal_walls,
          minmay_temple_entry_hall, lightli_minifort
D:8:      layout_cave_pools, serial_shops, nicolae_shop_stone, feat_on_display
D:9:      layout_rooms, old_standard_altar, nicolae_tso_swordbearing_angel
D:10:     layout_irregular_city, lair_entry_dummy, orc_david_3,
          ebering_ghost_xom, grunt_pizzeria, library_closet
D:11:     layout_gridville, chequers_arboretum
Temple:   corrupted_temple
Lair:1:   layout_misc_corridors
Orc:1:    layout_caves, uniq_nergalle

Skill      XL: |  1  2  3  4  5  6  7  8  9 10 11 |
---------------+----------------------------------+-----
Fighting       | 3 4 5 6 8 10 12 | 12.0
Dodging        | 3 |  3.0
Crossbows      | 5 6 7 8 10 11 | 11.6
Armour         | 2 7 9 |  9.0
Shields        | 2 7 9 |  9.0
Maces & Flails | 2 |  2.5
Stealth        | |  0.7

Action                   |  1- 3 |  4- 6 |  7- 9 | 10-12 || total
-------------------------+-------+-------+-------+-------++-------
Melee: Short sword       |    59 |    99 |   245 |       ||   403
       Headbutt          |     9 |    24 |    90 |    99 ||   222
       Flail             |       |       |   158 |   450 ||   608
       Unarmed           |       |       |    10 |       ||    10
       Hand crossbow     |       |       |     1 |       ||     1
 Fire: Hand crossbow     |    16 |    37 |   100 |    62 ||   215
Throw: Dart              |       |       |     4 |       ||     4
Evoke: Wand              |       |       |     7 |       ||     7
  Use: Scroll            |       |     2 |    17 |     4 ||    23
       Potion            |       |       |     1 |     9 ||    10
 Stab: Paralysed         |       |       |    17 |       ||    17
  Eat: Chunk             |       |     9 |    13 |     9 ||    31
       Ration            |       |       |     3 |     4 ||     7
Armor: Ring mail         |    31 |    31 |    71 |       ||   133
       Leather armour    |     2 |       |       |       ||     2
       Scale mail        |       |       |   109 |   396 ||   505
Dodge: Dodged            |    33 |    72 |   285 |   437 ||   827
